 Dungeon Sprint DCSS version 0.20-a0-1020-g7b9e4fe (webtiles) character file.

100600000 Krakonus1 the Formicid Barricade (level 27, -12/249 HPs)
             Began as a Formicid Fighter on Apr 19, 2017.
             Was the Champion of Makhleb.
             Killed from afar by a vile (31 damage)
             ... with damnation
             ... in the Dungeon (Sprint VIII: "Arena of Blood").
             The game lasted 00:06:38 (1006 turns).

Krakonus1 the Formicid Barricade (Formicid Fighter) Turns: 1006, Time: 00:06:38

Health: -12/249    AC: 13    Str: 23    XL:     27
Magic:  54/54      EV: 32    Int: 10    God:    Makhleb [******]
Gold:   0          SH: 19    Dex: 19    Spells: 80/80 levels left

rFire    . . .     SeeInvis +   k - +∞ Axe of Woe
rCold    . . .     Gourm    .   b - +0 shield
rNeg     . . .     Faith    .   a - +0 scale mail
rPois    .         Spirit   .   (helmet unavailable)
rElec    .         Reflect  .   (no cloak)
rCorr    .         Harm     .   (no gloves)
MR       ++...                  (no boots)
Stlth    ++++++++..             (no amulet)
Regen    0.6/turn               (no ring)
MPRegen  0.4/turn               (no ring)

@: lethally poisoned (-12 -> -23)
A: permanent stasis, dig shafts and tunnels, four strong arms, antennae 3
a: Dig, Minor Destruction, Lesser Servant of Makhleb, Major Destruction, Greater
Servant of Makhleb, Renounce Religion


You were in the Dungeon.
You worshipped Makhleb.
Makhleb was exalted by your worship.
You were not hungry.

You visited 1 branch

Inventory:

Hand Weapons
 k - the +∞ Axe of Woe (weapon)
   (You found it in the Dungeon)
Armour
 a - a +0 scale mail (worn)
 b - a +0 shield (worn)
Jewellery
 d - a +30 ring of slaying
 l - a +30 ring of slaying
 m - a +30 ring of slaying
Scrolls
 j - a scroll of blinking
Potions
 c - a potion of might
 e - a potion of curing
 f - a potion of heal wounds
 g - a potion of haste
 h - 2 potions of magic
 i - a potion of berserk rage


   Skills:
 O Level 27 Fighting
 O Level 27 Axes
 O Level 27 Throwing
 O Level 27 Armour
 O Level 27 Dodging
 O Level 27 Stealth
 O Level 27 Shields
 O Level 27 Unarmed Combat
 O Level 27 Spellcasting
 O Level 27 Invocations


You had 80 spell levels left.
You didn't know any spells.

Dungeon Overview and Level Annotations

Branches:
Dungeon (1/1)

Altars:
Makhleb


Innate Abilities, Weirdness & Mutations

You cannot be hasted, slowed, berserked, paralysed or teleported.
You can dig through walls and to a lower floor.
Your four strong arms can wield two-handed weapons with a shield.
You have a pair of large antennae on your head. (SInv)


Message History

You hear a shout! x7
Some rock shatters into small pieces.
A vile comes into view. It is wielding a mace.
Unknown command.
You are already prepared to dig.
You dig through the rock wall.
The vile throws miasma at you. The foul vapour engulfs you!
You are poisoned.
* * * LOW HITPOINT WARNING * * *
The vile throws damnation at you.
The sphere of damnation explodes!
The damnation engulfs you!
* * * LOW HITPOINT WARNING * * *
You hear a shout! x7
The observer gazes at you. Something smites you!
* * * LOW HITPOINT WARNING * * *
The vile throws damnation at you.
The sphere of damnation explodes!
The damnation engulfs you!
You die...

### ###.## ##### ###
.#.#.###.#.## #.#
#.###.#.#)#.###§###
######.#####.##§#§#
##.#### ##.#.#§@§##
##.#.#####)..#§§#§.#
#.##.......)...§#§§#
.#####.#.##....§...##
## ##.#..#.)o9#.G.# #
#####.#..Sp.)##
##.#.L.92.#
#######.99..####
#.....D9o.......###


You could see a meat beast, a tyrant, an observer (invisible), a scourge, 3
viles and a bag of meat.

Vanquished Creatures
  A molten gargoyle (D)
  A great orb of eyes (D)
  8 vampire knights (D)
  21 ogres (D)
  2 two-headed ogres (D)
  A lich (D)
  39 orcs (D)
  2 skeletal warriors (D)
  A sea snake (D)
  3 large abominations (D)
79 creatures vanquished.

Vanquished Creatures (others)
  3 crawling corpses (D)
3 creatures vanquished.

Grand Total: 82 creatures vanquished

Notes
Turn   | Place    | Note
-------+----------+-------------------------------------------
     0 | D        | Krakonus1 the Formicid Fighter began the quest for the Orb.
     0 | D        | Reached XP level 1. HP: 18/18 MP: 1/1
     3 | D        | Noticed a bag of meat
     4 | D        | Became a worshipper of Makhleb the Destroyer
     5 | D        | Noticed a bag of meat
     5 | D        | Noticed a bag of meat
     5 | D        | Noticed a bag of meat
     6 | D        | Noticed a meat berserker
     7 | D        | Killed a bag of meat
     7 | D        | Reached XP level 2. HP: 47/47 MP: 2/2
     7 | D        | Reached XP level 3. HP: 53/53 MP: 3/3
     7 | D        | Reached XP level 4. HP: 60/60 MP: 4/4
     7 | D        | Reached XP level 5. HP: 67/67 MP: 5/5
     7 | D        | Reached XP level 6. HP: 74/74 MP: 6/6
     7 | D        | Reached XP level 7. HP: 80/80 MP: 7/7
     7 | D        | Reached XP level 8. HP: 87/87 MP: 8/8
     7 | D        | Reached XP level 9. HP: 94/94 MP: 9/9
     7 | D        | Reached XP level 10. HP: 101/101 MP: 10/10
     7 | D        | Reached XP level 11. HP: 107/107 MP: 11/11
     7 | D        | Reached XP level 12. HP: 114/114 MP: 12/12
     8 | D        | Noticed a bag of meat
     8 | D        | Killed a bag of meat
     8 | D        | Reached * piety under Makhleb
     8 | D        | Reached skill level 5 in Axes
     8 | D        | Reached XP level 13. HP: 87/127 MP: 13/13
     9 | D        | Killed a meat berserker
     9 | D        | Reached XP level 14. HP: 24/141 MP: 14/14
     9 | D        | Reached XP level 15. HP: 25/148 MP: 15/15
    10 | D        | Noticed a meat berserker
    10 | D        | Reached ** piety under Makhleb
    10 | D        | Reached skill level 10 in Axes
    10 | D        | Reached XP level 16. HP: 12/161 MP: 16/16
    12 | D        | Noticed a meat berserker
    12 | D        | Killed a meat berserker
    12 | D        | Reached skill level 27 in Fighting
    12 | D        | Reached skill level 15 in Axes
    12 | D        | Reached skill level 27 in Armour
    12 | D        | Reached skill level 27 in Shields
    12 | D        | Reached XP level 17. HP: 70/174 MP: 17/17
    15 | D        | Killed a meat berserker
    15 | D        | Reached *** piety under Makhleb
    15 | D        | Reached XP level 18. HP: 75/182 MP: 18/18
    16 | D        | Noticed a meat berserker
    17 | D        | Noticed a large bag of meat
    17 | D        | Noticed a meat berserker
    17 | D        | Noticed a destroyer
    18 | D        | Noticed a large bag of meat
    18 | D        | Noticed a meat berserker
    19 | D        | Killed a meat berserker
    19 | D        | Reached skill level 27 in Axes
    19 | D        | Killed a large bag of meat
    19 | D        | Reached XP level 19. HP: 99/189 MP: 19/19
    20 | D        | Noticed a meat berserker
    20 | D        | Reached **** piety under Makhleb
    20 | D        | Reached skill level 27 in Unarmed Combat
    20 | D        | Reached skill level 5 in Dodging
    20 | D        | Reached XP level 20. HP: 143/197 MP: 19/29
    21 | D        | Killed a meat berserker
    21 | D        | Reached skill level 10 in Dodging
    22 | D        | Reached ***** piety under Makhleb
    22 | D        | Reached skill level 15 in Invocations
    22 | D        | Killed a meat berserker
    22 | D        | Reached skill level 15 in Dodging
    22 | D        | Reached XP level 21. HP: 204/204 MP: 19/41
    23 | D        | Reached XP level 22. HP: 212/212 MP: 19/45
    24 | D        | Noticed a destroyer
    24 | D        | Reached ****** piety under Makhleb
    24 | D        | Killed a destroyer
    24 | D        | Reached skill level 27 in Stealth
    24 | D        | Reached XP level 23. HP: 219/219 MP: 19/50
    24 | D        | Reached skill level 27 in Invocations
    26 | D        | Reached skill level 27 in Throwing
    26 | D        | Reached skill level 27 in Spellcasting
    26 | D        | Reached XP level 24. HP: 218/227 MP: 20/54
    26 | D        | Killed a large bag of meat
    26 | D        | Reached skill level 27 in Dodging
    27 | D        | Reached XP level 25. HP: 234/234 MP: 20/54
    29 | D        | Noticed a large bag of meat
    30 | D        | Noticed a destroyer
    30 | D        | Noticed a destroyer
    30 | D        | Reached XP level 26. HP: 242/242 MP: 21/54
    31 | D        | Noticed a destroyer
    34 | D        | Killed a destroyer
    34 | D        | Reached XP level 27. HP: 249/249 MP: 22/54
    36 | D        | Noticed a destroyer
    38 | D        | Noticed a destroyer
    42 | D        | Killed a destroyer
    43 | D        | Noticed a tyrant
    44 | D        | Killed a destroyer
    46 | D        | Killed a destroyer
    47 | D        | Noticed a destroyer
    47 | D        | Noticed a destroyer
    47 | D        | Noticed a tyrant
    48 | D        | Noticed an accursed
    48 | D        | Noticed a destroyer
    50 | D        | Killed a destroyer
    50 | D        | Killed a destroyer
    50 | D        | Killed a destroyer
    54 | D        | Killed a tyrant
    57 | D        | Noticed a destroyer
   952 | D        | Noticed a vile
   953 | D        | Killed a vile
  1002 | D        | Noticed a meat beast
  1002 | D        | Noticed a fleshlord
  1002 | D        | Noticed a vile
  1002 | D        | Noticed a vile
  1002 | D        | Noticed a vile
  1004 | D        | Noticed a vile
  1006 | D        | Noticed a vile
  1006 | D        | Killed from afar by a vile

Vault maps used:
D:        meatsprint

Skill      XL: |  1  2  3  4  5  6  7  8  9 10 11 12 13 14 15 16 17 18 19 20 21 22 23 24 |
---------------+-------------------------------------------------------------------------+-----
Fighting       | 17 19 22 24 27 | 27.0
Axes           | 4 5 8 10 15 21 27 | 27.0
Armour         | 17 19 22 24 27 | 27.0
Shields        | 18 20 23 25 27 | 27.0
Unarmed Combat | 8 9 11 12 14 16 26 27 | 27.0
Throwing       | 6 16 19 23 27 | 27.0
Dodging        | 5 15 17 21 25 27 | 27.0
Stealth        | 8 20 23 27 | 27.0
Spellcasting   | 6 16 19 23 27 | 27.0
Invocations    | 7 19 22 26 27 | 27.0

Action                   |  1- 3 |  4- 6 |  7- 9 | 10-12 | 13-15 | 16-18 | 19-21 | 22-24 | 25-27 || total
-------------------------+-------+-------+-------+-------+-------+-------+-------+-------+-------++-------
Melee: Executioner's axe |     1 |       |       |     1 |     2 |     4 |     4 |     4 |    27 ||    43
 Abil: Dig               |       |       |       |       |       |       |       |       |     7 ||     7
 Stab: Distracted        |       |       |       |       |       |       |       |       |     1 ||     1
  Eat: Bread ration      |       |       |       |       |       |       |       |       |     1 ||     1
Dodge: Dodged            |       |       |       |       |       |       |       |       |     6 ||     6
Block: Shield            |       |       |       |       |       |       |       |       |     4 ||     4
